 Dungeon Sprint DCSS version 0.28-a0-863-g8cecda6153 (webtiles) character file.

Game seed: 10908620629389096187

2642 Turgor the Impaler (level 9, -4/97 HPs)
             Began as a Minotaur Berserker on Nov 19, 2021.
             Was a Priest of Trog.
             Slain by a boulder beetle (19 damage)
             ... in the Dungeon (Sprint IX: "|||||||||||||||||||||||||||||").
             The game lasted 00:04:01 (444 turns).

Turgor the Impaler (Minotaur Berserker)              Turns: 444, Time: 00:04:01

Health: -4/97      AC: 10    Str: 22    XL:     9   Next: 35%
Magic:  8/8        EV: 14    Int:  7    God:    Trog [***...]
Gold:   0          SH:  0    Dex: 10    Spells: 8/8 levels left

rFire   . . .      SeeInvis .   k - +2 halberd (protect)
rCold   . . .      Faith    .   (shield currently unavailable)
rNeg    . . .      Spirit   .   l - +2 ring mail
rPois   .          Reflect  .   (helmet restricted)
rElec   .          Harm     .   (no cloak)
rCorr   .          Rampage  .   a - +0 pair of gloves
Will    .....      NoTele   +   (no boots)
Stlth   ..........              (no amulet)
HPRegen 0.26/turn               (no ring)
MPRegen 0.11/turn               (no ring)

@: on berserk cooldown, slowed, very slow
A: horns 2, retaliatory headbutt
a: Renounce Religion, Berserk, Trog's Hand


You were in the Dungeon.
You worshipped Trog.
Trog was most pleased with you.
You visited 1 branch

Inventory:

Hand Weapons
 k - a +2 halberd of protection (weapon)
Armour
 a - a +0 pair of gloves (worn)
 l - a +2 ring mail (worn)
Wands
 j - a wand of acid (10)
Scrolls
 h - 2 scrolls of blinking
Potions
 c - 4 potions of curing
 d - 3 potions of heal wounds
 e - a potion of haste
 f - 4 potions of magic
 g - a potion of berserk rage
 i - a potion of invisibility


   Skills:
 * Level 15.2 Fighting
 * Level 15.3 Polearms
 + Level 10.9 Armour
 + Level 10.1 Dodging


You had 8 spell levels left.
You didn't know any spells.
Your spell library was empty.

Dungeon Overview and Level Annotations

Branches:
Dungeon (1/1)

Altars:
Cheibriados
Dithmenos
Elyvilon
Fedhas
Gozag
Hepliaklqana
Kikubaaqudgha
Makhleb
Nemelex Xobeh
Okawaru
Qazlal
Ru
Sif Muna
Trog
Uskayaw
Vehumet
Wu Jian
Xom
Yredelemnul
Zin
The Shining One
Beogh
Jiyva
Lugonu


Innate Abilities, Weirdness & Mutations

You have a pair of horns on your head.
You reflexively headbutt those who attack you in melee.


Message History

Reach: k) +2 halberd (protect)
Press: ? - help, Dir - move target, f/p - tengu warrior
Aim: a tengu warrior, wielding a +2 glaive of venom and wearing a +0 leather armour (severely wounded, about 52% to evade your +2 halberd of protection)
You reach to attack!
You closely miss the tengu warrior.
The tengu warrior is severely wounded.
You feel very sick.
Reach: k) +2 halberd (protect)
Press: ? - help, Dir - move target, f/p - tengu warrior
Aim: a tengu warrior, wielding a +2 glaive of venom and wearing a +0 leather armour (severely wounded, about 52% to evade your +2 halberd of protection)
You reach to attack!
You miss the tengu warrior.
The tengu warrior is severely wounded.
You feel very sick.
The tengu warrior hits you from afar with a +2 glaive of venom!
Reach: k) +2 halberd (protect)
Press: ? - help, Dir - move target, f/p - tengu warrior
Aim: a tengu warrior, wielding a +2 glaive of venom and wearing a +0 leather armour (severely wounded, about 52% to evade your +2 halberd of protection)
You reach to attack!
You closely miss the tengu warrior.
The tengu warrior is severely wounded.
You feel very sick.
Reach: k) +2 halberd (protect)
Press: ? - help, Dir - move target, f/p - tengu warrior
Aim: a tengu warrior, wielding a +2 glaive of venom and wearing a +0 leather armour (severely wounded, about 52% to evade your +2 halberd of protection)
You reach to attack!
You miss the tengu warrior.
The tengu warrior is severely wounded.
You are no longer berserk.
You are exhausted.
You feel yourself slow down.
You feel very sick. The tengu warrior closely misses you.
You feel better.
Your skin stops crawling.
You feel less strong-willed. The boulder beetle hits you!
* * * LOW HITPOINT WARNING * * *
The boulder beetle stops rolling and uncurls.
The tengu warrior closely misses you.
Unknown command.
Your ogre goes berserk!
You can no longer call in reinforcements.
The boulder beetle bites you!!
You die...

▓.▓
▓.▓
▓.▓
▓.▓
▓c▓
▓Q▓
▓'▓
▓@▓
▓B▓
▓O▓
▓.▓
▓.▓
▓)▓
▓)▓
▓=▓
▓.▓


You could see a boulder beetle (ally target), a tengu warrior, a centaur warrior
and a friendly ogre (summoned, berserk).

Vanquished Creatures
  A boulder beetle (D)
  A two-headed ogre (D)
  A hornet (D)
  A wraith (D)
  A sky beast (D)
  An ogre (D)
  A centaur (D)
  A scorpion (D)
  A jelly (D)
  An orc wizard (D)
  2 adder zombies (D)
  A bat (D)
  An endoplasm (D)
  A goblin (D)
  A hobgoblin (D)
  A ball python (D)
17 creatures vanquished.

Vanquished Creatures (collateral kills)
  An ugly thing (D)
  A cyclops (D)
2 creatures vanquished.

Grand Total: 19 creatures vanquished

Notes
Turn   | Place    | Note
-------+----------+-------------------------------------------
     0 | D        | Turgor the Minotaur Berserker began the quest for the Orb.
     0 | D        | Reached XP level 1. HP: 19/19 MP: 0/0
    11 | D        | Reached ** piety under Trog
    84 | D        | Noticed a scorpion
    84 | D        | Noticed an ogre
    84 | D        | Noticed a jelly
    84 | D        | Noticed an orc wizard
    84 | D        | Noticed a sky beast
    91 | D        | Killed a sky beast
    92 | D        | Reached XP level 2. HP: 27/34 MP: 1/1
    92 | D        | Reached XP level 3. HP: 31/39 MP: 2/2
    92 | D        | Reached XP level 4. HP: 37/47 MP: 3/3
    93 | D        | Reached *** piety under Trog
    94 | D        | Reached skill level 5 in Armour
    96 | D        | Reached skill level 5 in Dodging
    96 | D        | Reached XP level 5. HP: 38/53 MP: 4/4
    99 | D        | Killed an ogre
   102 | D        | Reached **** piety under Trog
   103 | D        | Reached XP level 6. HP: 47/64 MP: 5/5
   109 | D        | Found a snail-covered altar of Cheibriados.
   109 | D        | Found a shadowy altar of Dithmenos.
   109 | D        | Found a white marble altar of Elyvilon.
   109 | D        | Found a blossoming altar of Fedhas.
   109 | D        | Found an opulent altar of Gozag.
   110 | D        | Found a hazy altar of Hepliaklqana.
   111 | D        | Found a viscous altar of Jiyva.
   112 | D        | Found an ancient bone altar of Kikubaaqudgha.
   113 | D        | Found a corrupted altar of Lugonu.
   114 | D        | Found a burning altar of Makhleb.
   115 | D        | Found a sparkling altar of Nemelex Xobeh.
   116 | D        | Found an iron altar of Okawaru.
   117 | D        | Found a stormy altar of Qazlal.
   118 | D        | Found a sacrificial altar of Ru.
   119 | D        | Found a shimmering blue altar of Sif Muna.
   120 | D        | Found a bloodstained altar of Trog.
   121 | D        | Found a hide-covered altar of Uskayaw.
   122 | D        | Found a radiant altar of Vehumet.
   123 | D        | Found an ornate altar of the Wu Jian Council.
   124 | D        | Found a shimmering altar of Xom.
   125 | D        | Found a basalt altar of Yredelemnul.
   126 | D        | Found a glowing silver altar of Zin.
   127 | D        | Found a glowing golden altar of the Shining One.
   174 | D        | Noticed a wraith
   174 | D        | Noticed a hornet
   174 | D        | Noticed a two-headed ogre
   179 | D        | Killed a two-headed ogre
   180 | D        | Reached XP level 7. HP: 40/77 MP: 6/6
   183 | D        | Killed a hornet
   184 | D        | Reached XP level 8. HP: 44/85 MP: 7/7
   191 | D        | Reached ***** piety under Trog
   202 | D        | Noticed a boulder beetle
   202 | D        | Noticed a centaur warrior
   202 | D        | Noticed a tengu warrior
   202 | D        | Noticed a boulder beetle
   202 | D        | Noticed a cyan ugly thing
   202 | D        | Noticed a cyclops
   205 | D        | Killed a cyclops
   206 | D        | Killed a cyan ugly thing
   207 | D        | Reached skill level 10 in Armour
   207 | D        | Reached XP level 9. HP: 17/96 MP: 8/8
   432 | D        | Killed a boulder beetle
   433 | D        | Reached skill level 15 in Fighting
   433 | D        | Reached skill level 15 in Polearms
   433 | D        | Reached skill level 10 in Dodging
   444 | D        | Slain by a boulder beetle

Illustrated notes

Levels and vault maps discovered:
D:        linesprint [early_d, line_temple, items_1, d_10, items_2, lair_1,
          lair_end, items_3, orc_1, orc_end, items_4, d_15, swamp_1, shoals_1,
          snake_1, spider_1, d_20, vaults_1, items_5, swamp_end, shoals_end,
          snake_end, spider_end, vaults_end, d_27, items_6, zot_1, zot_end,
          crypt_end, forest_end, elf_end, slime_end, tomb_end, abyss_end,
          pan_hell_end]

Skill      XL: |  1  2  3  4  5  6  7  8  9 |
---------------+----------------------------+-----
Fighting       | 7 8 9 12 14 15 | 15.2
Polearms       | 7 8 9 12 14 15 | 15.3
Armour         | 4 5 6 8 9 10 | 10.9
Dodging        | 4 5 6 8 9 10 | 10.1

Action                   |  1- 3 |  4- 6 |  7- 9 || total
-------------------------+-------+-------+-------++-------
Melee: Spear             |    18 |    11 |       ||    29
       Headbutt          |     3 |     1 |     2 ||     6
       Halberd           |       |     4 |    30 ||    34
Invok: Berserk           |     1 |     1 |     1 ||     3
       Brothers in Arms  |       |       |     3 ||     3
       Trog's Hand       |       |       |     2 ||     2
  Use: Potion            |       |       |     1 ||     1
Armor: Animal skin       |     3 |       |       ||     3
       Ring mail         |       |     1 |     4 ||     5
Dodge: Dodged            |     6 |     1 |     8 ||    15

Table legend: (Time is in decaauts)
 A = Elapsed time spent in this place.
 B = Non-inter-level travel time spent in this place.
 C = Inter-level travel time spent in this place.
 D = Time resting spent in this place.
 E = Time spent auto-exploring this place.
 F = Levels seen in this place.
 G = Mean time per level.
                   A        B        C        D        E       F      G
               +--------+--------+--------+--------+--------+-----+--------+
         Total |    444 |    444 |      0 |    278 |      0 |   1 |  444.0 |
       Dungeon |    444 |    444 |      0 |    278 |      0 |   1 |  444.0 |
               +--------+--------+--------+--------+--------+-----+--------+

Top non-repeatable levels by time:
       D: 444 daAuts
